 Dungeon Crawl Stone Soup version 0.29-a0-397-g846e4a0bbc (webtiles) character file.

Game seed: 9231529457264177708

211829 quokkamancerX the Warrior (level 18, -2/166 HPs)
             Began as a Black Draconian Conjurer on May 9, 2022.
             Was an Initiate of Gozag.
             Killed by divine providence
             ... invoked by a meliai
              (15 damage)
             ... on level 3 of the Spider Nest on May 12, 2022.
             The game lasted 06:27:31 (62374 turns).

quokkamancerX the Warrior (DrCj)                   Turns: 62374, Time: 06:27:32

Health: -2/166     AC: 24    Str:  4 (10) XL:     18   Next: 22%
Magic:  41/41      EV: 20    Int: 28 (35) God:    Gozag
Gold:   1318       SH: 14    Dex: 17 (24) Spells: 15/37 levels left

rFire   + + .      SeeInvis .   a - +4 trident of the Conjuring Ass {vorpal, rF+ Dex+6}
rCold   + + .      Faith    .   i - +0 kite shield {reflect}
rNeg    . . .      Spirit   .   (body armour unavailable)
rPois   +          Reflect  +   X - +1 hat of the First Towns {rC+ Will+}
rElec   +          Harm     .   c - +2 cloak
rCorr   +          Rampage  .   z - +2 pair of gloves {Stlth+}
Will    ++...                   R - +2 pair of boots of Sameloj {Contam rCorr Int+4 Dex+5}
Stlth   ++++......              L - amulet "Giedgh" {RegenMP +Blink}
HPRegen 0.37/turn               h - ring of the Blind Eye {rElec rPois rC+ Int+6}
MPRegen 0.67/turn               E - ring "Egrounna" {rElec MP+9 AC+4 Dex+2}

@: flying, invisible
A: breathe lightning, AC +10, unfitting armour, big wings, electricity
resistance, cold-blooded, horns 1, fire resistance 1
}: 1/15 runes: decaying
a: Breathe Lightning, Renounce Religion, Evoke Blink, Potion Petition, Call
Merchant, Bribe Branch


You were on level 3 of the Spider Nest.
You worshipped Gozag.
Gozag was most pleased with you.
You visited 6 branches of the dungeon, and saw 31 of its levels.
You also visited: Bailey, Gauntlet, Ice Cave and Volcano.

You collected 11706 gold pieces.
You spent 3414 gold pieces at shops.
You paid 6974 gold pieces to Gozag.

Inventory:

Hand Weapons
 a - the +4 trident of the Conjuring Ass (weapon) {vorpal, rF+ Dex+6}
   (You found it on level 6 of the Lair of Beasts)

   It inflicts extra damage upon your enemies.
   Dex:       It affects your dexterity (+6).
   rF:        It protects you from fire.
Missiles
 u - 5 throwing nets
 T - 4 silver javelins
 U - 4 curare-tipped darts
Armour
 c - a +2 cloak (worn)
 i - a +0 kite shield of reflection (worn)
 z - a +2 pair of gloves of stealth (worn)
 R - the +2 pair of boots of Sameloj (worn) {Contam rCorr Int+4 Dex+5}
   (You bought it in a shop on level 2 of the Orcish Mines)

   Int:       It affects your intelligence (+4).
   Dex:       It affects your dexterity (+5).
   Contam:    It causes magical contamination when unequipped.
   rCorr:     It protects you from acid and corrosion.
 X - the +1 hat of the First Towns (worn) {rC+ Will+}
   (You found it in a Gauntlet)

   rC:        It protects you from cold.
   Will:      It increases your willpower.
Magical Staves
 b - a staff of conjuration
 S - a staff of air
Jewellery
 h - the ring of the Blind Eye (left hand) {rElec rPois rC+ Int+6}
   (You bought it in a shop on level 11 of the Dungeon)

   [ring of intelligence]

   Int:       It affects your intelligence (+6).
   rC:        It protects you from cold.
   rElec:     It insulates you from electricity.
   rPois:     It protects you from poison.
 E - the ring "Egrounna" (right hand) {rElec MP+9 AC+4 Dex+2}
   (You took it off a deep elf pyromancer on level 7 of the Dungeon)

   [ring of protection]

   AC:        It affects your AC (+4).
   Dex:       It affects your dexterity (+2).
   rElec:     It insulates you from electricity.
   MP:        It affects your magic capacity (+9).
 L - the amulet "Giedgh" (around neck) {RegenMP +Blink}
   (You acquired it in a bailey)

   [amulet of magic regeneration]

   It increases your rate of magic regeneration.
   +Blink:    It lets you blink.
 Y - an amulet of the acrobat
Wands
 f - a wand of digging (21)
 t - a wand of charming (10)
 v - a wand of mindburst (9)
 y - a wand of acid (11)
 A - a wand of polymorph (20)
 H - a wand of iceblast (35)
 J - a wand of paralysis (10)
 P - a wand of flame (23)
Scrolls
 e - 12 scrolls of teleportation
 g - 3 scrolls of blinking
 j - 2 scrolls of immolation
 p - 2 scrolls of poison
 r - 5 scrolls of summoning
 w - 5 scrolls of enchant weapon
 I - 4 scrolls of amnesia
 M - 3 scrolls of fear
 N - a scroll of magic mapping
 V - 3 scrolls of vulnerability
Potions
 d - 9 potions of attraction
 k - 2 potions of lignification
 l - 8 potions of haste
 n - 5 potions of mutation
 o - 3 potions of ambrosia
 q - a potion of resistance
 s - 3 potions of brilliance
 x - 6 potions of invisibility
 C - 3 potions of cancellation
 K - 2 potions of magic
 O - 3 potions of curing
 W - a potion of might
Miscellaneous
 B - a phantom mirror


   Skills:
 - Level 16.0 Fighting
 + Level 14.0 Dodging
 - Level 6.0 Stealth
 - Level 15.0 Shields
 - Level 10.0 Spellcasting
 + Level 16.0 Conjurations
 - Level 6.0 Hexes
 - Level 10.0 Evocations


You had 15 spell levels left.
You knew the following spells:

 Your Spells              Type           Power      Damage    Failure   Level
a - Magic Dart            Conj           100%       1d8       0%          1
b - Searing Ray           Conj           100%       2d8       0%          2
c - Fulminant Prism       Conj/Hex       33%        3d16      1%          4
d - Iskenderun's Battles  Conj           80%        2d13      1%          5
e - Tukima's Dance        Hex            47%        N/A       1%          3
f - Orb of Destruction    Conj           40%        9d11      9%          7

Your spell library contained the following spells:

 Spells                   Type           Power      Damage    Failure   Level
 Conjure Flame            Conj/Fire      56%        6-21      1%          3
 Dazzling Flash           Conj/Hex       100%       N/A       1%          3
 Mephitic Cloud           Conj/Pois/Air  43%        N/A       2%          3
 Hailstorm                Conj/Ice       56%        3d12      2%          4
 Iskenderun's Mystic Bla  Conj/Tloc      56%        2d12      2%          4
 Sticky Flame             Conj/Fire      56%        2d7       2%          4
 Inner Flame              Hex/Fire       30%        N/A       6%          3
 Summon Guardian Golem    Hex/Summ       30%        N/A       6%          3
 Cause Fear               Hex            23%        N/A       6%          4
 Beastly Appendage        Tmut           28%        N/A       7%          1
 Sting                    Tmut/Pois      56%        1d5       7%          1
 Fireball                 Conj/Fire      28%        3d12      7%          5
 Lightning Bolt           Conj/Air       28%        1d44      7%          5
 Call Imp                 Summ           14%        N/A       11%         2
 Corpse Rot               Necr/Air       28%        N/A       11%         2
 Poisonous Vapours        Pois/Air       28%        N/A       11%         2
 Wereblood                Tmut           14%        N/A       11%         2
 Ignite Poison            Fire/Tmut/Pois 14%        N/A       21%         3
 Spider Form              Tmut/Pois      14%        N/A       21%         3
 Anguish                  Hex/Necr       15%        N/A       21%         4
 Leda's Liquefaction      Hex/Erth       15%        N/A       21%         4
 Freezing Cloud           Conj/Ice/Air   21%        6-21      22%         5
 Conjure Ball Lightning   Conj/Air       28%        3x3d8     36%         6
 Metabolic Englaciation   Hex/Ice        15%        N/A       50%         5
 Airstrike                Air            7%         N/A       56%         4
 Animate Dead             Necr           7%         N/A       56%         4
 Dispel Undead            Necr           14%        3d10      56%         4
 Ice Form                 Ice/Tmut       14%        N/A       56%         4
 Summon Ice Beast         Ice/Summ       14%        N/A       56%         4
 Summon Lightning Spire   Summ/Air       14%        N/A       56%         4
 Alistair's Intoxication  Tmut/Pois      9%         N/A       88%         5
 Borgnjor's Vile Clutch   Necr/Erth      7%         N/A       88%         5
 Lee's Rapid Deconstruct  Erth           7%         3d7*      88%         5
 Spellforged Servitor     Conj/Summ      28%        N/A       91%         7
 Enfeeble                 Hex            23%        N/A       99%         7
 Death Channel            Necr           7%         N/A       100%        6
 Eringya's Noxious Bog    Tmut/Pois      7%         N/A       100%        6
 Simulacrum               Ice/Necr       7%         N/A       100%        6
 Statue Form              Tmut/Erth      9%         N/A       100%        6
 Dragon Form              Tmut           7%         N/A       100%        7
 Haunt                    Necr/Summ      7%         N/A       100%        7
 Ozocubu's Refrigeration  Ice            7%         4d6       100%        7
 Discord                  Hex            23%        N/A       100%        8
 Infestation              Necr           7%         N/A       100%        8
 Animate Armour           Summ/Erth      Unusable   N/A       N/A         4

Dungeon Overview and Level Annotations

Branches:
Dungeon (15/15)            Temple (1/1) D:6            Lair (6/6) D:9
  Swamp (4/4) Lair:4       Spider (3/4) Lair:3        Slime (0/5) Lair:6
    Orc (2/2) D:12            Elf (0/3) Orc:2        Vaults (0/5) D:13
 Depths (0/4) D:15         Bailey (visited)           IceCv (visited)
Volcano (visited)         Gauntlet (visited)

Altars:
Ashenzari
Cheibriados
Dithmenos
Elyvilon
Fedhas
Gozag
Hepliaklqana
Kikubaaqudgha
Makhleb
Nemelex Xobeh
Okawaru
Qazlal
Ru
Sif Muna
Trog
Uskayaw
Vehumet
Wu Jian
Xom
Yredelemnul
Zin
The Shining One
Beogh

Shops:
D:9 *   D:11 =[   D:15 ::   Orc:2 [!([   Spider:2 **[=[

Annotations:
D:7 3 runed translucent doors, Antichthon's ghost, novice FoAK
Abyss:1 Psyche


Innate Abilities, Weirdness & Mutations

You can breathe wild blasts of lightning.
Your glossy black scales are hard. (AC +10)
You cannot fit into any form of body armour.
Your large and strong wings let you fly.
You are resistant to electric shocks. (rElec)
You are cold-blooded and may be slowed by cold attacks.
You have a pair of small horns on your head.
Your flesh is heat resistant. (rF+)


Message History

You swap places.
The meliai attacks as you move away! You block the meliai's attack.
The meliai stings you but does no damage.
The meliai is no longer distracted by gold.
The meliai hits your battlesphere with a +0 hand axe!
The meliai stings your battlesphere! The meliai closely misses you.
The meliai barely misses you.
The meliai mumbles some strange prayers to its god against you.
Something smites you! The meliai attacks as you move away!
The meliai barely misses you. x2
The meliai calls down the wrath of its god upon you.
Something smites you! You block the meliai's attack. The meliai misses you.
The meliai invokes the aid of its god against you.
Something smites you!
* * * LOW HITPOINT WARNING * * *
The meliai mumbles some strange prayers to its god against you.
Something smites you!
* * * LOW HITPOINT WARNING * * *
There is a stone staircase leading down here.
You blink.
You feel yourself speed up.
The meliai mumbles some strange prayers to its god against you.
Something smites you!
* * * LOW HITPOINT WARNING * * *
The meliai mumbles some strange prayers to its god against you.
Something smites you!
* * * LOW HITPOINT WARNING * * *
You fade into invisibility!
Your battlesphere passes through a web.
You feel stable enough to blink again.
The meliai calls upon its god to heal the meliai.
The meliai is healed somewhat.
The meliai calls upon its god to heal the meliai.
The meliai's wounds heal themselves!
The meliai hits your battlesphere with a +0 antimagic hand axe!
Your battlesphere is destroyed!
The meliai invokes the aid of its god against you.
Something smites you!
You die...
Your body crumbles into a pile of gold.

#...^#....^# #....##...##
##.>..# ..# #^...# ..# #...##
.# ### #...## # ##.# ##.ys##
##..### ##.y.# ##...#.#
##^..#####..y@..# #
##....#.#.^..##..## ##
#............#..[.# ###.
##.^.........###...# #...
##....^......##...####### ##..
#..####.....##....##..#.###
#..
####^#.......##.....<....^#
###.#
#.....^..##............###.###
##.#######..............##....


You could see a meliai (can't see you).

Vanquished Creatures
  A lich (IceCv)
  Agnes (Spider:3)
  3 thorn hunters
  Roxanne (Spider:1)
  Donald (Swamp:4)
  2 ghost moths (Spider:3)
  An emperor scorpion (Spider:2)
  An orc warlord (Orc:1)
  The ghost of Bied the Impaler, a journeyman MfGl of the Shining One (Lair:2)
  A stone giant (D:15)
  A very ugly thing (IceCv)
  A broodmother (Spider:1)
  3 eleionomae
  A spark wasp (Spider:3)
  A minotaur (Gauntlet)
  5 bunyips
  An entropy weaver (Spider:3)
  The ghost of zeratav the Thaumaturge, a journeyman DjIE of Nemelex Xobeh (Orc:2)
  A shambling mangrove (Swamp:4)
  A vault guard (D:13)
  The ghost of domi the Tainter, a journeyman DsWz of Gozag (Lair:2)
  An ice dragon (D:14)
  A caustic shrike simulacrum (IceCv)
  3 ghost crabs
  8 boulder beetles
  30 hydras
  3 radroaches
  An ogre mage (Volcano)
  10 two-headed ogres
  4 centaur warriors
  A deep troll shaman (Lair:6)
  A jorogumo (Spider:3)
  2 catoblepae
  6 tengu warriors
  A two-headed ogre (shapeshifter) (D:13)
  10 alligators
  17 death yaks
  6 orc high priests
  Nergalle (Lair:3)
  10 spriggans
  A hell knight (Volcano)
  A sun moth (Spider:3)
  A fire crab (Lair:6)
  7 goliath frogs
  2 spriggan druids
  A death drake (Swamp:2)
  4 steelbarb worms
  5 pharaoh ants
  5 orb spiders
  A deep elf archer (Orc:1)
  6 bog bodies
  A lindwurm (Lair:6)
  10 swamp dragons
  A spriggan simulacrum (IceCv)
  10 orc knights
  A necromancer (IceCv)
  5 deep elf pyromancers
  19 ugly things
  7 orc sorcerers
  2 will-o-the-wisps
  17 wolf spiders
  6 cyclopes
  A moth of wrath (shapeshifter) (D:13)
  3 manticores
  2 torpor snails (Lair:5)
  6 elephants
  5 black mambas
  A smoke demon (Gauntlet)
  2 molten gargoyles (Volcano)
  2 demonic crawlers
  2 gargoyles
  2 rime drakes
  16 cane toads
  3 unseen horrors
  A kobold demonologist (Bailey)
  A yaktaur (shapeshifter) (D:15)
  3 tengu conjurers
  17 freezing wraiths (IceCv)
  An entropy weaver simulacrum (IceCv)
  13 komodo dragons
  An ice devil (IceCv)
  3 anaconda simulacra (IceCv)
  5 golden dragon simulacra (IceCv)
  4 meliai
  5 polar bears
  A bloated husk (Swamp:1)
  22 tarantellas
  8 trolls
  15 tyrant leeches
  8 hornets
  19 slime creatures
  6 dream sheep
  3 blink frogs (Lair:5)
  A shadow (D:10)
  13 jumping spiders
  3 wraiths
  2 dire elephant simulacra (IceCv)
  5 wyverns
  13 culicivoras
  A vampire (D:12)
  52 yaks
  2 fire bats (Volcano)
  Grum (D:8)
  7 basilisks
  10 vampire mosquitoes
  5 steam dragons
  3 minotaur simulacra (IceCv)
  13 redbacks
  Menkaure (D:7)
  17 swamp worms
  A harpy simulacrum (IceCv)
  16 water moccasins
  11 swamp drakes
  2 sky beasts
  4 black bears
  4 alligator simulacra (IceCv)
  3 ice beasts
  33 orc warriors
  8 wolves
  3 boggarts (D:14)
  2 ogres
  12 centaurs
  3 phantoms
  3 kobold brigands
  7 bullfrogs
  2 gnoll sergeants
  6 scorpions
  A necrophage (D:4)
  5 wights
  4 lindwurm simulacra (IceCv)
  4 howler monkeys
  6 electric eels
  3 crimson imps (Gauntlet)
  3 lava snakes (Volcano)
  3 hounds
  15 orc priests
  A gnoll shaman (D:10)
  8 jellies
  4 iguanas
  13 orc wizards
  17 gnolls
  9 adders
  2 shadow imps
  3 white imps
  An ufetubus (D:5)
  A worm (D:4)
  6 dart slugs
  55 orcs
  13 ball pythons
  9 endoplasms
  2 giant cockroaches (D:1)
  12 goblins
  14 hobgoblins
  15 kobolds
  2 quokkas (D:2)
  9 bats
  5 frilled lizards
  6 rats
  4 bushes (Lair:1)
  3 fulminant prisms
967 creatures vanquished.

Vanquished Creatures (collateral kills)
  A two-headed ogre (D:11)
  A troll (D:11)
2 creatures vanquished.

Vanquished Creatures (others)
  A spriggan druid (Swamp:2)
  An unseen horror (D:7)
  A bloated husk (Swamp:2)
  A troll (D:7)
  A swamp worm (Swamp:2)
  2 orc priests (Orc:2)
  An orc (Orc:2)
  36 bushes (Lair:1)
  4 foxfires
  445 fulminant prisms
  47 fungi
  79 plants
619 creatures vanquished.

Grand Total: 1588 creatures vanquished

Notes
Turn   | Place    | Note
-------+----------+-------------------------------------------
     0 | D:1      | quokkamancerX the Draconian Conjurer began the quest for
                  | the Orb.
     0 | D:1      | Reached XP level 1. HP: 14/14 MP: 3/3
   411 | D:1      | Reached XP level 2. HP: 20/20 MP: 1/5
  1081 | D:1      | Reached XP level 3. HP: 26/26 MP: 5/7
  2186 | D:2      | Reached XP level 4. HP: 33/33 MP: 6/8
  2595 | D:3      | Reached skill level 5 in Conjurations
  2598 | D:3      | Found an iron altar of Okawaru.
  2855 | D:3      | Learned a level 2 spell: Searing Ray
  3248 | D:4      | Noticed a necrophage
  3367 | D:4      | Noticed a black bear
  3410 | D:4      | Killed a necrophage
  3411 | D:4      | Reached XP level 5. HP: 38/38 MP: 5/10
  3773 | D:4      | Killed a black bear
  3774 | D:4      | Reached XP level 6. HP: 45/45 MP: 4/12
  4021 | D:4      | Reached skill level 1 in Hexes
  4657 | D:4      | Reached skill level 5 in Spellcasting
  5116 | D:5      | Entered Level 5 of the Dungeon
  5186 | D:5      | Your scales start taking on a glossy black colour.
  5186 | D:5      | Reached XP level 7. HP: 42/50 MP: 10/14
  5186 | D:5      | Gained mutation: You are resistant to electric shocks.
                  | (rElec) [Black Draconian growth]
  5694 | D:5      | Found a blossoming altar of Fedhas.
  5960 | D:5      | Found a sparkling altar of Nemelex Xobeh.
  6171 | D:5      | Reached skill level 1 in Fighting
  6232 | D:5      | Reached XP level 8. HP: 61/61 MP: 10/17
  6299 | D:5      | Found a glowing silver altar of Zin.
  6722 | D:6      | Noticed a two-headed ogre
  7093 | D:6      | Found a staircase to the Ecumenical Temple.
  7105 | D:6      | Reached skill level 5 in Hexes
  7115 | Temple   | Entered the Ecumenical Temple
  7367 | Temple   | Became a worshipper of Gozag Ym Sagoz the Greedy
  7676 | D:6      | Learned a level 4 spell: Fulminant Prism
  7896 | D:6      | Killed a two-headed ogre
  7897 | D:6      | Reached XP level 9. HP: 38/75 MP: 0/18
  8491 | D:7      | Noticed Antichthon's ghost (novice FoAK)
  8623 | D:7      | Found a runed translucent gate.
  8623 | D:7      | Found a runed translucent gate.
  8623 | D:7      | Found a runed translucent gate.
  8631 | D:7      | Noticed Menkaure
  8644 | D:7      | Killed Menkaure
 10121 | D:7      | Identified the ring "Xaffuceh" {+Blink rPois rF- rN+
                  | Will+++}
 10146 | D:7      | Noticed a gargoyle
 10158 | D:7      | Killed a gargoyle
 10171 | D:7      | Killed an unseen horror
 10182 | D:7      | Identified the amulet of Creativity {RegenMP rElec rN+}
 10639 | D:7      | Reached XP level 10. HP: 83/83 MP: 14/22
 10801 | D:7      | Noticed a cyclops
 10817 | D:7      | Killed a cyclops
 10966 | D:7      | Noticed a two-headed ogre
 10966 | D:7      | Identified the ring "Fuma Uff" {rElec rF+ rC+ rCorr Stlth+}
 10966 | D:7      | Noticed a deep elf pyromancer
 10978 | D:7      | Killed a two-headed ogre
 11430 | D:7      | Identified the ring "Egrounna" {rElec MP+9 AC+4 Dex+2}
 11450 | D:7      | Killed a deep elf pyromancer
 11785 | D:7      | Reached skill level 10 in Conjurations
 11785 | D:7      | Reached skill level 1 in Evocations
 12084 | D:8      | Noticed Grum
 12352 | D:8      | Killed Grum
 12631 | D:8      | Found an ancient bone altar of Kikubaaqudgha.
 12898 | D:9      | Found a staircase to the Lair.
 13144 | D:9      | Reached skill level 10 in Spellcasting
 13449 | D:9      | Found Baton's Serpentskin Sales.
 13593 | D:9      | Found a hide-covered altar of Uskayaw.
 13750 | D:9      | Reached XP level 11. HP: 15/89 MP: 25/25
 14308 | D:9      | Found a sacrificial altar of Ru.
 14434 | D:10     | Entered Level 10 of the Dungeon
 14534 | D:10     | Found a flagged portal.
 14547 | Bailey   | Entered a bailey
 14665 | Bailey   | Reached skill level 5 in Evocations
 15046 | Bailey   | Noticed an orc sorcerer
 15078 | Bailey   | Killed an orc sorcerer
 15585 | Bailey   | Identified the +8 trident "Paofeump" {freeze, Dex+3}
 15597 | Bailey   | Noticed an orc knight
 15626 | Bailey   | Killed an orc knight
 15680 | Bailey   | Found an iron altar of Okawaru.
 16023 | Bailey   | Acquired the amulet "Giedgh" {RegenMP +Blink}
 16039 | D:10     | Upgraded the game from 0.29-a0-392-g297d3b089c to
                  | 0.29-a0-393-g47a863cc1b
 16146 | D:10     | Noticed a two-headed ogre
 16159 | D:10     | Killed a two-headed ogre
 17133 | D:11     | Noticed Psyche
 17139 | D:11     | Banished Psyche
 17171 | D:11     | Found Sevyelamn's Jewellery Emporium.
 17204 | D:11     | Noticed a two-headed ogre
 17213 | D:11     | Killed a two-headed ogre
 17346 | D:11     | Reached skill level 5 in Dodging
 17349 | D:10     | Paralysed by a hornet for 1 turns
 17503 | D:11     | Found Riogob's Weapon Shoppe.
 17867 | D:11     | Found an iron altar of Okawaru.
 17935 | D:11     | Found Xuomo's Antique Armour Shoppe.
 17940 | D:11     | Bought a pair of glowing gloves for 120 gold pieces
 17959 | D:11     | Noticed a two-headed ogre
 17972 | D:11     | Killed a two-headed ogre
 17973 | D:11     | Reached XP level 12. HP: 106/106 MP: 21/26
 18968 | D:12     | Reached skill level 10 in Fighting
 19017 | D:12     | Noticed a five-headed hydra
 19034 | D:12     | Killed a five-headed hydra
 19308 | D:12     | Found a staircase to the Orcish Mines.
 19660 | D:12     | Noticed a two-headed ogre
 21553 | D:12     | Killed a two-headed ogre
 21825 | D:12     | Found a staircase to the Orcish Mines.
 22414 | Lair:1   | Entered Level 1 of the Lair of Beasts
 22642 | Lair:1   | Noticed a seven-headed hydra
 22682 | Lair:1   | Killed a seven-headed hydra
 23161 | Lair:1   | Noticed a six-headed hydra
 23202 | Lair:1   | Killed a six-headed hydra
 23826 | Lair:1   | Learned a level 5 spell: Iskenderun's Battlesphere
 24552 | Lair:2   | Reached XP level 13. HP: 118/118 MP: 27/27
 25204 | Lair:2   | Found a runed translucent gate.
 25205 | Lair:2   | Found a runed translucent gate.
 25206 | Lair:2   | Found a runed translucent gate.
 25207 | Lair:2   | Noticed domi's ghost (journeyman DsWz)
 25208 | Lair:2   | Noticed Bied's ghost (journeyman MfGl)
 25941 | Lair:2   | Killed Bied's ghost
 25942 | Lair:2   | Reached skill level 1 in Shields
 26670 | Lair:2   | HP: 5/118 [poisoned by domi's ghost (toxic radiance)]
 26670 | Lair:2   | Killed domi's ghost
 27153 | Lair:2   | Identified the +0 helmet of Wami {rElec rF+++ Dex+3 Stlth-}
 27161 | Lair:2   | Identified the +0 hat of the Orb Guardian {rElec}
 27553 | Lair:3   | Found a hole to the Spider Nest.
 27676 | Lair:3   | Noticed Nergalle
 27686 | Lair:3   | Killed Nergalle
 27687 | Lair:3   | Reached skill level 10 in Dodging
 28637 | Lair:4   | Found a staircase to the Swamp.
 28928 | Lair:4   | Reached skill level 5 in Shields
 30084 | Lair:5   | Found a gate leading to a gauntlet.
 30103 | Gauntlet | Entered a Gauntlet
 30103 | Gauntlet | Found a transporter.
 30118 | Gauntlet | Found a transporter.
 30127 | Gauntlet | Found a transporter.
 30133 | Gauntlet | Found a transporter.
 30148 | Gauntlet | Found a transporter.
 30167 | Gauntlet | Found a transporter.
 30175 | Gauntlet | Found a large runed translucent door.
 30176 | Gauntlet | Found a large runed translucent door.
 30177 | Gauntlet | Found a large runed translucent door.
 30178 | Gauntlet | Found a runed translucent gate.
 30179 | Gauntlet | Found a transporter.
 30179 | Gauntlet | Found a runed translucent gate.
 30180 | Gauntlet | Found a runed translucent gate.
 30181 | Gauntlet | Found a large runed translucent door.
 30182 | Gauntlet | Found a large runed translucent door.
 30183 | Gauntlet | Found a large runed translucent door.
 30190 | Gauntlet | Found a large runed translucent door.
 30190 | Gauntlet | Found a large runed translucent door.
 30191 | Gauntlet | Found a transporter.
 30203 | Gauntlet | Found a transporter.
 30215 | Gauntlet | Found a transporter.
 30233 | Gauntlet | Found a transporter.
 30251 | Gauntlet | Found a transporter.
 30253 | Gauntlet | Found a transporter.
 30282 | Gauntlet | Found a transporter.
 30284 | Gauntlet | Found a transporter.
 30286 | Gauntlet | Found a transporter.
 30314 | Gauntlet | Found a transporter.
 30316 | Gauntlet | Found a transporter.
 30318 | Gauntlet | Found a large runed translucent door.
 30318 | Gauntlet | Found a large runed translucent door.
 30319 | Gauntlet | Found a large runed translucent door.
 30319 | Gauntlet | Found a large runed translucent door.
 30525 | Gauntlet | Found a large runed translucent door.
 30525 | Gauntlet | Found a large runed translucent door.
 30525 | Gauntlet | Found a runed translucent door.
 30525 | Gauntlet | Found a runed translucent door.
 30527 | Gauntlet | Found a large runed translucent door.
 30528 | Gauntlet | Found a large runed translucent door.
 30687 | Gauntlet | Identified the +1 hat of the First Towns {rC+ Will+}
 30866 | Gauntlet | Noticed a minotaur
 30891 | Gauntlet | Killed a minotaur
 31168 | Lair:5   | Gained mutation: Your large and strong wings let you fly.
                  | [Black Draconian growth]
 31168 | Lair:5   | Reached XP level 14. HP: 57/126 MP: 28/28
 33200 | Lair:6   | Entered Level 6 of the Lair of Beasts
 33207 | Lair:6   | Found a hazy altar of Hepliaklqana.
 35131 | Lair:6   | Reached skill level 10 in Shields
 35213 | Lair:6   | Identified the +4 trident of the Conjuring Ass {vorpal, rF+
                  | Dex+6}
 35463 | Lair:6   | Found a staircase to the Slime Pits.
 36120 | Orc:1    | Entered Level 1 of the Orcish Mines
 36531 | Orc:2    | Entered Level 2 of the Orcish Mines
 36696 | Orc:2    | Found a dark tunnel.
 36721 | Volcano  | Entered a volcano
 37004 | Volcano  | Found a burning altar of Makhleb.
 37061 | Volcano  | Reached XP level 15. HP: 85/132 MP: 25/29
 37758 | Orc:2    | Found a runed translucent gate.
 37758 | Orc:2    | Found a runed translucent gate.
 37758 | Orc:2    | Found a runed translucent gate.
 37770 | Orc:2    | Identified the +3 morningstar of Ybeito {vamp, *Rage rC++
                  | rN+ Will+}
 37830 | Orc:2    | Found a runed translucent door.
 37942 | Orc:2    | Noticed zeratav's ghost (journeyman DjIE)
 38344 | Orc:2    | Gained mutation: Your flesh is heat resistant. (rF+) [a
                  | neqoxec]
 38352 | Orc:2    | Reached skill level 15 in Conjurations
 38775 | Orc:2    | Found Mamesewn's Distillery.
 38775 | Orc:2    | Found Zynatixo's Antique Armour Emporium.
 38777 | Orc:2    | Found Foejahil's Armour Shop.
 38777 | Orc:2    | Found Ciczaagadgh's Antique Weapon Emporium.
 38783 | Orc:2    | Bought a potion of cancellation for 88 gold pieces
 38783 | Orc:2    | Bought a potion of curing for 33 gold pieces
 38783 | Orc:2    | Bought a potion of cancellation for 88 gold pieces
 38783 | Orc:2    | Bought 2 potions of curing for 66 gold pieces
 38783 | Orc:2    | Bought a potion of heal wounds for 55 gold pieces
 38786 | Orc:2    | Bought the +2 pair of boots of Sameloj {Contam rCorr Int+4
                  | Dex+5} for 606 gold pieces
 38804 | Orc:2    | Bought a pair of embroidered gloves for 202 gold pieces
 38948 | Orc:2    | Found a staircase to the Elven Halls.
 39396 | Orc:2    | Killed zeratav's ghost
 40174 | Orc:2    | Bought a crystal dagger for 147 gold pieces
 40174 | Orc:2    | Identified the +8 dagger of the Onslaught {vorpal, rPois
                  | Will- Int+4 Stlth+} (You bought it in a shop on level 2 of
                  | the Orcish Mines)
 40453 | Orc:1    | Noticed an orc warlord
 40569 | Orc:1    | Killed an orc warlord
 41019 | D:11     | Bought the ring of the Blind Eye {rElec rPois rC+ Int+6}
                  | for 1088 gold pieces
 41058 | D:11     | Learned a level 7 spell: Orb of Destruction
 41062 | D:11     | Learned a level 3 spell: Tukima's Dance
 41510 | D:13     | Reached skill level 10 in Evocations
 41812 | D:13     | You are sucked into a shaft and drop 2 floors!
 41812 | D:15     | Entered Level 15 of the Dungeon
 43234 | D:14     | Found a frozen archway.
 43240 | IceCv    | Entered an ice cave
 43558 | IceCv    | Reached skill level 15 in Fighting
 43574 | IceCv    | Reached XP level 16. HP: 120/149 MP: 27/30
 44975 | IceCv    | Identified the +1 ice dragon scales "Dykhorex" {rF- rC++
                  | Int-2 Dex+5}
 45495 | IceCv    | Found an ancient bone altar of Kikubaaqudgha.
 45568 | IceCv    | Noticed a lich
 45614 | IceCv    | Killed a lich
 47011 | D:14     | Found a blossoming altar of Fedhas.
 47839 | D:13     | Identified the +5 arbalest "Wideorch" {freeze, Dex+4}
 48156 | D:13     | Got Sif Muna's Guide on the Snowflakes
 48582 | D:13     | Identified the +1 leather armour "Pyn Mien" {rF+}
 48587 | D:13     | Found a gate to the Vaults.
 49367 | D:15     | Found a staircase to the Depths.
 49937 | Swamp:1  | Entered Level 1 of the Swamp
 52047 | Swamp:2  | Noticed a thorn hunter
 52069 | Swamp:2  | Killed a thorn hunter
 52070 | Swamp:2  | Reached skill level 5 in Stealth
 52504 | Swamp:2  | Reached XP level 17. HP: 158/158 MP: 31/31
 52507 | Swamp:2  | Identified the +0 helmet of the Pit {rPois}
 53541 | Swamp:3  | Got Sif Muna's Disquisition on Evil and the Mountains
 53677 | Swamp:4  | Entered Level 4 of the Swamp
 54276 | Swamp:4  | Noticed Donald
 54286 | Swamp:4  | Killed Donald
 55199 | Swamp:4  | Got a decaying rune of Zot
 55711 | Lair:3   | Upgraded the game from 0.29-a0-393-g47a863cc1b to
                  | 0.29-a0-397-g846e4a0bbc
 55713 | Spider:1 | Entered Level 1 of the Spider Nest
 56687 | Spider:1 | Identified Roxanne's Reference Book on Transformation
 56687 | Spider:1 | Noticed Roxanne
 56704 | Spider:1 | Killed Roxanne
 56705 | Spider:1 | Reached skill level 15 in Shields
 56791 | Spider:1 | Gained mutation: You have a pair of small horns on your
                  | head. [mutagenic glow]
 59742 | Spider:2 | Reached XP level 18. HP: 156/156 MP: 32/32
 60119 | Spider:2 | Got Cigotuvi's Incunabulum of Mutagenic Unholy Rites
 60458 | Spider:2 | Bought a potion of heal wounds for 90 gold pieces
 60458 | Spider:2 | Bought a scroll of enchant armour for 135 gold pieces
 60458 | Spider:2 | Bought a wand of paralysis (2) for 72 gold pieces
 60460 | Spider:2 | Bought a wand of polymorph (3) for 64 gold pieces
 60460 | Spider:2 | Bought a scroll of enchant armour for 240 gold pieces
 60460 | Spider:2 | Bought a scroll of teleportation for 96 gold pieces
 60466 | Spider:2 | Bought a glowing hat for 224 gold pieces
 60918 | Spider:3 | Noticed Agnes
 60923 | Spider:3 | Killed Agnes
 62374 | Spider:3 | Killed from afar by a meliai

Illustrated notes

Levels and vault maps discovered:
D:1:      elethiomel_arrival_infinity_welcomes_careful_drivers, layout_basic,
          chequers_serial_rivers_room_b
D:2:      layout_loops_ring
D:3:      layout_basic, mainiacjoe_overflow_concentric_impassable
D:4:      minmay_wonky_spiral, layout_layer_cave, grunt_ministairs_12,
          st_stairs_14, kennysheep_boxes, uniq_eustachio
D:5:      layout_basic, lemuel_crystal_altar, mainiacjoe_overflow_tiny_flanked,
          fedhas_bush_and_centaur_altar
D:6:      layout_cave_pools, minmay_temple_entry_sparse_star, serial_rivers,
          chequers_serial_rivers_small_b, chequers_serial_rivers_micro_c,
          chequers_serial_rivers_small_a, chequers_serial_rivers_micro_c,
          chequers_serial_rivers_small_3, hex_large
D:7:      minmay_the_grid_triangle_9x9_rhombus_thin
          [minmay_the_grid_triangle_9x9_dagger,
          minmay_the_grid_triangle_9x9_prize_special,
          minmay_the_grid_triangle_9x9_sparse_checkered,
          minmay_the_grid_triangle_9x9_negative_grid], layout_layer_cave,
          gammafunk_ghost_icy, uniq_menkaure
D:8:      nicolae_cairo_tiling_very_big, layout_cave_pools,
          lemuel_crystal_altar, uniq_grum
D:9:      layout_basic, mainiacjoe_overflow_catwalk,
          nicolae_ru_sacrificial_ziggurat, lair_entry_dummy,
          minmay_misc_feat_pillars, guppyfry_shop_venom
D:10:     layout_roguey, enter_bailey_6
D:11:     layout_big_octagon, serial_shops, shop, nicolae_shop_hallway_plus,
          shop_coins, okawaru_altar_gauntlet_db, uniq_psyche
D:12:     layout_loops_ring, orc_0_dummy
D:13:     layout_basic, david_vaults_5
D:14:     layout_roguey, portal_ice_cave_entry_dragon, lemuel_crystal_altar
D:15:     grunt_enter_depths_snipers, layout_cave_pools,
          amcnicky_mini_rare_corridor_liquid, roderic_roman_lattice,
          minmay_misc_feat_diagonals
Temple:   regret_index_temple_waves
Lair:1:   layout_roguey, minmay_hedge_maze
Lair:2:   layout_long_grid, gammafunk_ghost_cemetery, grunt_megastairs_3,
          infiniplex_staircase_pool_2
Lair:3:   layout_regular_city, dummy_spider_entry, uniq_nergalle
Lair:4:   layout_hall_layers, minmay_swamp_entry_eels
Lair:5:   nzn_winding_woodlands_small [nzn_winding_woodlands_5x15_jagged,
          nzn_winding_woodlands_center_triple_pond,
          nzn_winding_woodlands_5x15_default], layout_misc_corridors,
          gauntlet_entry_generic, serial_bayou_shore_b, lemuel_fruit_tree
Lair:6:   grunt_lair_end_beastmaster, layout_gridlike,
          nicolae_slime_entry_slimehenge, basic_altar, serial_bayou_shore_b
Swamp:1:  layout_basic_swamp, evilmike_swamp_ruin_house_4
Swamp:2:  layout_basic_swamp, nicolae_swamp_orc_logging_accident, swamp_pool5,
          nicolae_swamp_no_escape
Swamp:3:  layout_falls_marsh, evilmike_swamp_ruin_house_5, swamp_pool5,
          infiniplex_staircase_pool
Swamp:4:  swamp, layout_basic_swamp, uniq_donald
Spider:1: layout_spider_delve, hangedman_spider_tarantella_strand, uniq_roxanne
Spider:2: layout_cave_pods, nicolae_spider_swamp_cousins
Spider:3: layout_spider_delve, nicolae_spider_not_touching_you, uniq_louise,
          uniq_agnes
Orc:1:    layout_diamond_mine, elf_legates
Orc:2:    grunt_orc_tribal_feast, layout_caves, nicolae_volcano_entry_lava_flow,
          biasface_ghost_orc_armoury, lightli_church_of_beogh

Skill      XL: |  1  2  3  4  5  6  7  8  9 10 11 12 13 14 15 16 17 18 |
---------------+-------------------------------------------------------+-----
Spellcasting   | 3 4 5 6 8 10 | 10.0
Conjurations   | 5 6 8 10 12 14 15 16 | 16.0
Hexes          | 2 4 6 |  6.0
Fighting       | 2 6 9 12 15 16 | 16.0
Evocations     | 4 6 7 10 | 10.0
Dodging        | 5 9 10 11 13 14 | 14.0
Stealth        | 2 5 6 |  6.0
Shields        | 7 10 13 15 | 15.0

Action                   |  1- 3 |  4- 6 |  7- 9 | 10-12 | 13-15 | 16-18 || total
-------------------------+-------+-------+-------+-------+-------+-------++-------
Melee: Unarmed           |     7 |       |       |     3 |       |       ||    10
       Falchion          |     6 |     6 |    20 |    26 |       |       ||    58
       Tailslap          |     1 |     1 |     1 |    17 |     2 |     4 ||    26
       Punch             |       |       |     1 |     3 |       |       ||     4
       Trident           |       |       |       |    43 |     1 |    17 ||    61
       Staff             |       |       |       |     4 |    24 |    30 ||    58
       Headbutt          |       |       |       |       |       |    13 ||    13
Throw: Throwing net      |       |       |       |     1 |       |       ||     1
 Cast: Magic Dart        |    98 |    79 |    74 |   140 |   334 |   258 ||   983
       Searing Ray       |       |     9 |    27 |    87 |   188 |   153 ||   464
       Fulminant Prism   |       |       |    25 |   220 |   154 |    52 ||   451
       Iskenderun's Batt |       |       |       |     5 |   164 |   107 ||   276
       Orb of Destructio |       |       |       |       |     9 |   192 ||   201
Invok: Potion Petition   |       |       |     1 |       |       |       ||     1
       Call Merchant     |       |       |       |       |       |     7 ||     7
 Abil: Breathe Lightning |       |       |    10 |     2 |       |     1 ||    13
       Evoke Blink       |       |       |       |       |     7 |     7 ||    14
Evoke: Wand              |       |       |       |     8 |       |     4 ||    12
  Use: Scroll            |       |     9 |     5 |    12 |    11 |     7 ||    44
       Potion            |       |       |       |     1 |     7 |    10 ||    18
 Stab: Sleeping          |       |     1 |       |     1 |       |       ||     2
       Confused          |       |       |       |     1 |       |       ||     1
Armor: Skin              |    10 |     7 |    41 |   193 |   245 |   353 ||   849
Dodge: Dodged            |    11 |    14 |    62 |   252 |   392 |   498 ||  1229
Block: Kite shield       |       |       |       |       |   363 |   504 ||   867
       Reflection        |       |       |       |       |       |     2 ||     2

Table legend: (Time is in decaauts)
 A = Elapsed time spent in this place.
 B = Non-inter-level travel time spent in this place.
 C = Inter-level travel time spent in this place.
 D = Time resting spent in this place.
 E = Time spent auto-exploring this place.
 F = Levels seen in this place.
 G = Mean time per level.
                   A        B        C        D        E       F      G
               +--------+--------+--------+--------+--------+-----+--------+
         Total |  62658 |  59750 |   2908 |  22776 |  10889 |  35 | 1790.2 |
       Dungeon |  26271 |  24379 |   1892 |   8571 |   5594 |  15 | 1751.4 |
        Temple |    325 |    194 |    131 |     68 |    110 |   1 |  325.0 |
          Lair |  12831 |  12337 |    494 |   4236 |   2774 |   6 | 2138.5 |
         Swamp |   5752 |   5652 |    100 |   2201 |    872 |   4 | 1438.0 |
   Spider Nest |   6678 |   6606 |     72 |   3189 |    346 |   3 | 2226.0 |
  Orcish Mines |   3874 |   3656 |    218 |   1116 |    751 |   2 | 1937.0 |
        Bailey |   1517 |   1517 |      0 |    635 |    160 |   1 | 1517.0 |
      Ice Cave |   3438 |   3438 |      0 |   2046 |    258 |   1 | 3438.0 |
       Volcano |    997 |    997 |      0 |    384 |      0 |   1 |  997.0 |
      Gauntlet |    971 |    971 |      0 |    329 |     24 |   1 |  971.0 |
               +--------+--------+--------+--------+--------+-----+--------+

Top non-repeatable levels by time:
     D:7: 3551 daAuts
   IceCv: 3438 daAuts
Spider:1: 2996 daAuts
    D:12: 2911 daAuts
  Lair:2: 2862 daAuts
  Lair:4: 2505 daAuts
  Lair:5: 2319 daAuts
  Lair:1: 2287 daAuts
    D:11: 2169 daAuts
 Swamp:2: 2155 daAuts
   Orc:1: 2046 daAuts
 Swamp:4: 1970 daAuts
     D:5: 1910 daAuts
Spider:3: 1908 daAuts
    D:14: 1899 daAuts
